 Dungeon Crawl Stone Soup version 0.27-a0-216-g1fbed8a51c (webtiles) character file.

Game seed: 6915596565066527045

239143 epen the Whirler (level 19, -6/150 HPs)
             Began as a Gnoll Hunter on Jan 30, 2021.
             Was an Initiate of Gozag.
             Splashed by a deep elf sorcerer's acid (15 damage)
             ... on level 3 of the Elven Halls on Jan 31, 2021.
             The game lasted 02:16:36 (52139 turns).

epen the Whirler (Gnoll Hunter)                    Turns: 52139, Time: 02:16:37

Health: -6/150     AC: 30    Str: 18    XL:     19   Next: 74%
Magic:  36/36      EV: 15    Int: 11    God:    Gozag
Gold:   5317       SH: 15    Dex: 12    Spells: 42/44 levels left

rFire    . . .     SeeInvis .   L - +7 demon whip (elec)
rCold    . . .     Faith    .   E - +2 kite shield {reflect}
rNeg     . . .     Spirit   .   C - +3 chain mail {rPois}
rPois    +         Reflect  +   c - +2 hat
rElec    .         Harm     .   t - +2 cloak
rCorr    .         Rampage  .   J - +0 pair of gloves
Will     +....                  u - +2 pair of boots
Stlth    ++........             Q - amulet of regeneration
HPRegen  0.75/turn              k - +4 ring of protection
MPRegen  0.25/turn              R - +4 ring of slaying

@: gold aura
A: distributed training, fangs 1, repulsion field 1, weak 1, strong nose
}: 1/15 runes: gossamer
a: Renounce Religion, Potion Petition, Call Merchant, Bribe Branch


You were on level 3 of the Elven Halls.
You worshipped Gozag.
Gozag was greatly pleased with you.
You visited 6 branches of the dungeon, and saw 31 of its levels.
You visited the Abyss 2 times.
You also visited: Gauntlet.

You collected 13775 gold pieces.
You spent 3879 gold pieces at shops.
You paid 4579 gold pieces to Gozag.

Inventory:

Hand Weapons
 a - a +1 hunting sling
 w - the +12 quarterstaff of the Lair of Beasts {drain, +Rage +Fly rElec MP-9}
   (You bought it in a shop on level 2 of the Orcish Mines)

   A truly terrible weapon, it drains the life of those it strikes.
   It insulates you from electricity.
   It affects your magic capacity (-9).
   It lets you fly.
   It lets you go berserk.
 L - a +7 demon whip of electrocution (weapon)
Missiles
 d - 238 sling bullets
 e - 796 stones (quivered)
 N - a throwing net
Armour
 c - a +2 hat (worn)
 t - a +2 cloak (worn)
 u - a +2 pair of boots (worn)
 C - a +3 chain mail of poison resistance (worn)
 E - a +2 kite shield of reflection (worn)
 J - a +0 pair of gloves (worn)
Jewellery
 b - the ring of Hauplir {rC++ rCorr Int-5 Dex+4 Stlth+}
   (You acquired it on level 10 of the Dungeon)

   [ring of resist corrosion]

   It affects your intelligence (-5).
   It affects your dexterity (+4).
   It greatly protects you from cold.
   It provides partial protection from all sources of acid and corrosion.
   It makes you more stealthy.
 f - a +4 ring of evasion
 k - a +4 ring of protection (left hand)
 q - an uncursed ring of protection from fire
 B - an uncursed ring of fire
 H - an uncursed amulet of the acrobat
 K - an uncursed ring of willpower
 M - an uncursed ring of ice
 O - the ring "Viyvuff" {+Inv SInv}
   (You took it off a gnoll on level 9 of the Dungeon)

   [ring of see invisible]

   It lets you see invisible.
   It lets you turn invisible.
 Q - an amulet of regeneration (around neck)
 R - a +4 ring of slaying (right hand)
 S - the ring of Qutsaesh {rC- rN+++ Str+6 SInv}
   (You found it in a Gauntlet)

   [ring of strength]

   It affects your strength (+6).
   It makes you vulnerable to cold.
   It renders you almost immune to negative energy.
   It lets you see invisible.
 Y - a +6 ring of strength
Wands
 p - a wand of acid (11)
 s - a wand of flame (28)
 x - a wand of charming (24)
 G - a wand of mindburst (17)
 I - a wand of iceblast (24)
Scrolls
 i - a scroll of holy word
 j - 7 scrolls of amnesia
 n - 15 scrolls of remove curse
 v - 2 scrolls of fear
 y - 7 scrolls of fog
 z - 2 scrolls of enchant weapon
 A - 12 scrolls of teleportation
 D - 10 scrolls of identify
 P - 4 scrolls of enchant armour
Potions
 g - 2 potions of heal wounds
 h - 6 potions of might
 m - 5 potions of flight
 o - 3 potions of brilliance
 F - 7 potions of ambrosia
 T - 3 potions of resistance
 U - 2 potions of haste
 V - 2 potions of berserk rage
 W - a potion of invisibility
 X - 2 potions of magic
 Z - 3 potions of curing
Miscellaneous
 l - a tin of tremorstones (inert)
 r - a box of beasts (inert)


   Skills:
 + Level 13.6 Fighting
 + Level 13.0 Short Blades
 + Level 13.0 Long Blades
 + Level 13.0 Axes
 + Level 13.0 Maces & Flails
 + Level 13.0 Polearms
 + Level 13.0 Staves
 + Level 15.0 Slings
 + Level 13.0 Bows
 + Level 13.0 Crossbows
 + Level 13.0 Throwing
 + Level 13.0 Armour
 + Level 13.6 Dodging
 + Level 13.1 Stealth
 + Level 13.0 Shields
 + Level 13.0 Unarmed Combat
 + Level 13.0 Spellcasting
 + Level 11.1 Conjurations
 + Level 11.1 Hexes
 + Level 11.1 Summonings
 + Level 11.1 Necromancy
 + Level 11.1 Translocations
 + Level 11.1 Transmutations
 + Level 11.1 Fire Magic
 + Level 11.1 Ice Magic
 + Level 11.1 Air Magic
 + Level 11.1 Earth Magic
 + Level 11.1 Poison Magic
 + Level 14.0 Invocations
 + Level 13.0 Evocations


You had 42 spell levels left.
You knew the following spells:

 Your Spells              Type           Power        Failure   Level
a - Blink                 Tloc           N/A          1%          2

Your spell library contained the following spells:

 Spells                   Type           Power        Failure   Level
 Corona                   Hex            34%          1%          1
 Foxfire                  Conj/Fire      100%         1%          1
 Magic Dart               Conj           100%         1%          1
 Sandblast                Erth           62%          1%          1
 Summon Small Mammal      Summ           100%         1%          1
 Call Imp                 Summ           31%          1%          2
 Passwall                 Tmut/Erth      25%          1%          2
 Poisonous Vapours        Pois/Air       62%          1%          2
 Slow                     Hex            31%          1%          2
 Call Canine Familiar     Summ           31%          2%          3
 Confusing Touch          Hex            31%          2%          3
 Conjure Flame            Conj/Fire      31%          2%          3
 Gell's Gravitas          Tloc           15%          2%          3
 Ignite Poison            Fire/Tmut/Pois 31%          2%          3
 Inner Flame              Hex/Fire       31%          2%          3
 Mephitic Cloud           Conj/Pois/Air  31%          2%          3
 Portal Projectile        Hex/Tloc       62%          2%          3
 Stone Arrow              Conj/Erth      62%          2%          3
 Summon Guardian Golem    Hex/Summ       31%          2%          3
 Cause Fear               Hex            15%          9%          4
 Leda's Liquefaction      Hex/Erth       15%          9%          4
 Petrify                  Tmut/Erth      31%          9%          4
 Sticky Flame             Conj/Fire      31%          9%          4
 Summon Ice Beast         Ice/Summ       31%          9%          4
 Summon Lightning Spire   Summ/Air       31%          9%          4
 Bolt of Magma            Conj/Fire/Erth 15%          26%         5
 Fireball                 Conj/Fire      15%          26%         5
 Iskenderun's Battlesphe  Conj           31%          26%         5
 Lee's Rapid Deconstruct  Erth           15%          26%         5
 Metabolic Englaciation   Hex/Ice        15%          26%         5
 Silence                  Hex/Air        15%          26%         5
 Summon Forest            Summ/Tloc      15%          26%         5
 Summon Mana Viper        Hex/Summ       31%          26%         5
 Yara's Violent Unravell  Hex/Tmut       15%          26%         5
 Freezing Cloud           Conj/Ice/Air   15%          80%         6
 Iron Shot                Conj/Erth      15%          80%         6
 Shadow Creatures         Summ           N/A          80%         6
 Starburst                Conj/Fire      15%          80%         6
 Statue Form              Tmut/Erth      20%          80%         6
 Orb of Destruction       Conj           15%          100%        7
 Spellforged Servitor     Conj/Summ      15%          100%        7
 Summon Hydra             Summ           15%          100%        7
 Discord                  Hex            15%          100%        8
 Ignition                 Fire           15%          100%        8
 Shatter                  Erth           15%          100%        9


Dungeon Overview and Level Annotations

Branches:
Dungeon (15/15)            Temple (1/1) D:6            Lair (6/6) D:9
  Swamp (0/4) Lair:2       Spider (4/4) Lair:3        Slime (0/5) Lair:6
    Orc (2/2) D:10            Elf (3/3) Orc:2        Vaults (0/5) D:13
 Depths (0/5) D:15        Gauntlet (visited)

Altars:
Ashenzari
Cheibriados
Dithmenos
Elyvilon
Fedhas
Gozag
Hepliaklqana
Kikubaaqudgha
Makhleb
Nemelex Xobeh
Okawaru
Qazlal
Ru
Sif Muna
Trog
Uskayaw
Vehumet
Wu Jian
Xom
Yredelemnul
Zin
The Shining One
Jiyva
Lugonu

Shops:
D:5 *   D:8 ?   D:9 =   D:10 (   Orc:2 *?*(((   Elf:2 !:}   Elf:3 *
Spider:2 }

Annotations:
D:13 3 runed translucent doors, kae's ghost, journeyman DrTm
Lair:4 exclusion: oklob plant
Lair:6 exclusion: oklob plant
Orc:1 2 transporters, iamserjio's ghost, journeyman GnAK
Elf:2 5 runed translucent doors
Elf:3 1 exclusion


Innate Abilities, Weirdness & Mutations

Your experience applies equally to all skills.
You have very sharp teeth.
Your uncanny sense of smell can sniff out nearby items.
You are surrounded by a mild repulsion field. (EV +2)
You are weak. (Str -2)


Message History

You closely miss the deep elf sorcerer.
The deep elf sorcerer is severely wounded.
The deep elf sorcerer becomes distracted by the nearby gold, dreaming of imaginary riches.
The deep elf high priest mumbles some strange prayers to its god against you.
Something smites you!
* * * LOW HITPOINT WARNING * * *
The deep elf sorcerer shouts!
You miss the deep elf sorcerer.
The deep elf sorcerer is no longer distracted by gold.
The deep elf sorcerer is severely wounded.
The deep elf sorcerer shouts, "You can't withstand my power!"
You block the deep elf sorcerer's attack.
You whack the deep elf sorcerer! Your bite misses the deep elf sorcerer.
The deep elf sorcerer is almost dead.
The deep elf sorcerer gestures at you while chanting.
The bolt of acid hits you!!
* * * LOW HITPOINT WARNING * * *
You are splashed with acid!
You die...
Your body crumbles into a pile of gold.

....#...#....#))#...#...#...'...#
....#...#....#..#...#...#...#...#
....#...#....#.)#...#...#...#...#
....#...#....#..#...#'###...#...#
#####...#....#..#...........#...#
........#....#..#...........#...#
........#....#..#...........#...#
#####...######.)########'####...#
....#...........@$...$..........#
....#...........e..e............#
##..#................$..........#
.#).#...###############.#########
.#..#...# ****∆$∆∆∆#...,,,,***
.#..#...# ***∆$∆∆∆∆∆∆#.....,,,,,
.#..#...# **∆∆∆∆∆∆$∆∆∆#..e.#..,,,
.#..#...# *$∆∆∆∆∆****+*#..##*.,,,
.#..)...#**∆∆$∆***,,,,,*...****,,


You could see a deep elf sorcerer (fast, empowered) and a deep elf high priest
(brilliance aura).

Vanquished Creatures
  Nikola (Spider:2)
  Arachne (Spider:3)
  Jorgrun (D:15)
  A deep elf master archer (Elf:3)
  A sphinx (D:14)
  A tentacled starspawn (Abyss:1)
  2 orc warlords (Orc:1)
  5 ghost moths
  5 deep elf sorcerers
  5 emperor scorpions
  A deep elf elementalist (Elf:2)
  A very ugly thing (Abyss:1)
  5 entropy weavers
  2 deep elf annihilators (Elf:3)
  3 deep elf demonologists (Elf:3)
  A minotaur (Gauntlet)
  Azrael (D:15)
  2 spark wasps
  2 deep elf death magi (Elf:3)
  Josephine (D:15)
  A yaktaur captain (D:14)
  A great orb of eyes (Abyss:1)
  4 deep elf high priests
  Fannar (Lair:3)
  An ice dragon (Lair:5)
  4 boulder beetles
  A naga warrior (Abyss:1)
  A catoblepas (Lair:2)
  An ogre mage (D:15)
  15 hydras
  2 centaur warriors
  8 two-headed ogres
  A queen ant (Lair:6)
  Urug (Lair:3)
  10 death yaks
  3 orc high priests (Orc:2)
  A tengu warrior (D:14)
  A thrashing horror (Abyss:1)
  11 deep elf knights
  A sixfirhy (Gauntlet)
  Sonja (Orc:2)
  A fire crab (shapeshifter) (Elf:2)
  A glowing orange brain (Abyss:1)
  2 unseen horrors
  A flayed ghost (D:14)
  2 wizards
  A death drake (Gauntlet)
  Pikel (D:9)
  A phantasmal warrior (D:14)
  11 deep elf archers
  A necromancer (D:15)
  18 deep elf pyromancers
  A will-o-the-wisp (Abyss:1)
  2 ugly things (D:14)
  3 manticores
  14 orb spiders
  7 orc sorcerers
  22 deep elf zephyrmancers
  5 orc knights (Orc:2)
  5 cyclopes
  3 centaur zombies
  3 moths of wrath
  34 wolf spiders
  A spectral centaur (Gauntlet)
  25 elephants
  5 black mambas
  A catoblepas zombie (Abyss:1)
  A naga mage (D:15)
  An apocalypse crab (Abyss:1)
  4 large abominations
  A torpor snail (Spider:1)
  13 demonic crawlers
  2 kobold demonologists
  13 cane toads
  5 rime drakes
  3 gargoyles
  3 efreet
  11 komodo dragons
  2 freezing wraiths (D:14)
  2 ancient zymes (Abyss:1)
  A tengu conjurer (D:14)
  A queen bee (shapeshifter) (D:14)
  11 trolls
  3 meliai (Spider:3)
  23 jumping spiders
  8 polar bears
  6 blink frogs
  10 hornets
  3 small abominations (Abyss:1)
  3 meliai zombies
  14 slime creatures
  4 raiju (Abyss:1)
  3 dream sheep
  A flying skull (Abyss:1)
  3 shadows
  28 tarantellas
  2 centaur simulacra (D:15)
  12 spriggans
  4 water elementals
  An air elemental (Elf:3)
  A vampire (D:12)
  A human (shapeshifter) (D:14)
  54 redbacks
  7 basilisks
  A yak (shapeshifter) (Elf:1)
  5 wyverns
  4 fire elementals (D:15)
  2 steam dragons
  4 wraiths (D:15)
  47 yaks
  3 vampire mosquitoes (D:12)
  A warg (Orc:2)
  An acid dragon (D:14)
  4 hell hounds (D:15)
  17 soldier ants
  18 water moccasins
  4 black bears
  34 orc warriors
  A necrophage (D:6)
  5 sky beasts
  An eye of draining (D:15)
  3 phantoms
  2 ice beasts
  A hornet zombie (D:15)
  14 ogres
  7 boggarts
  38 wolves
  17 centaurs
  A gnoll sergeant (D:9)
  19 big kobolds
  An earth elemental (Elf:1)
  A wyvern zombie (D:9)
  24 bullfrogs
  A water moccasin zombie (D:10)
  A wyvern skeleton (D:13)
  6 scorpions
  A water moccasin skeleton (D:6)
  16 killer bees
  25 wights
  5 howler monkeys
  10 electric eels
  A lava snake (Elf:3)
  A crimson imp (D:8)
  A bullfrog zombie (D:13)
  2 quasits
  14 hounds
  4 jellies
  4 bullfrog skeletons
  25 orc priests
  8 centaur skeletons
  2 iron imps (Abyss:1)
  6 hell rats (Lair:5)
  4 iguanas
  26 orc wizards
  25 worker ants
  A hound zombie (D:8)
  3 hound skeletons
  2 worker ant zombies
  14 gnolls
  17 adders
  5 shadow imps
  2 white imps
  9 ufetubi
  3 adder skeletons
  An adder zombie (D:8)
  2 dart slugs (D:1)
  4 worms
  8 leopard geckos
  96 orcs
  2 ball pythons
  7 giant cockroaches
  8 goblins
  7 hobgoblins
  5 jackals
  5 quokkas
  8 bats
  4 frilled lizards
  A goblin zombie (D:8)
  5 hobgoblin zombies (D:8)
  2 jackal skeletons (D:4)
  21 kobolds
  A kobold zombie (D:8)
  3 orc skeletons (D:8)
  2 quokka zombies
  6 rats
1270 creatures vanquished.

Vanquished Creatures (collateral kills)
  Mara (Spider:3)
  2 deep elf sorcerers (Elf:3)
  An emperor scorpion (Spider:4)
  A deep elf death mage (Elf:3)
  An orb spider (Spider:3)
  A redback (Spider:3)
  2 tarantellas (Spider:3)
9 creatures vanquished.

Vanquished Creatures (others)
  12 dancing weapons
  A deep elf knight (Elf:2)
  A wizard (Gauntlet)
  A deep elf pyromancer (Elf:2)
  A wolf spider (Spider:2)
  A demonic crawler (Spider:3)
  A tarantella (Spider:4)
  A bush (Lair:4)
  14 demonic plants (Gauntlet)
  4 foxfires (Abyss:1)
  53 fungi
  112 plants
  19 starspawn tentacles
221 creatures vanquished.

Grand Total: 1500 creatures vanquished

Notes
Turn   | Place    | Note
-------+----------+-------------------------------------------
     0 | D:1      | epen the Gnoll Hunter began the quest for the Orb.
     0 | D:1      | Reached XP level 1. HP: 20/20 MP: 1/1
    32 | D:1      | Reached XP level 2. HP: 22/26 MP: 2/2
   382 | D:1      | Reached XP level 3. HP: 31/31 MP: 3/3
   669 | D:1      | Reached skill level 1 in Invocations
   907 | D:2      | Found a shimmering blue altar of Sif Muna.
   910 | D:2      | Found a basalt altar of Yredelemnul.
   910 | D:2      | Found a bloodstained altar of Trog.
   911 | D:2      | Found an ornate altar of the Wu Jian Council.
  1077 | D:2      | Found an ancient bone altar of Kikubaaqudgha.
  1130 | D:2      | Reached skill level 1 in Short Blades
  1130 | D:2      | Reached skill level 1 in Long Blades
  1130 | D:2      | Reached skill level 1 in Axes
  1130 | D:2      | Reached skill level 1 in Maces & Flails
  1130 | D:2      | Reached skill level 1 in Polearms
  1130 | D:2      | Reached skill level 1 in Staves
  1130 | D:2      | Reached skill level 1 in Bows
  1130 | D:2      | Reached skill level 1 in Crossbows
  1130 | D:2      | Reached skill level 1 in Throwing
  1130 | D:2      | Reached skill level 1 in Armour
  1130 | D:2      | Reached skill level 1 in Shields
  1130 | D:2      | Reached skill level 1 in Unarmed Combat
  1130 | D:2      | Reached skill level 1 in Spellcasting
  1130 | D:2      | Reached skill level 1 in Evocations
  1151 | D:2      | Found a radiant altar of Vehumet.
  1236 | D:2      | Reached XP level 4. HP: 32/38 MP: 5/5
  1423 | D:2      | You fall into a shaft and drop 1 floor!
  1613 | D:3      | Reached skill level 1 in Conjurations
  1613 | D:3      | Reached skill level 1 in Hexes
  1613 | D:3      | Reached skill level 1 in Summonings
  1613 | D:3      | Reached skill level 1 in Necromancy
  1613 | D:3      | Reached skill level 1 in Translocations
  1613 | D:3      | Reached skill level 1 in Transmutations
  1613 | D:3      | Reached skill level 1 in Fire Magic
  1613 | D:3      | Reached skill level 1 in Ice Magic
  1613 | D:3      | Reached skill level 1 in Air Magic
  1613 | D:3      | Reached skill level 1 in Earth Magic
  1613 | D:3      | Reached skill level 1 in Poison Magic
  1622 | D:3      | Reached XP level 5. HP: 43/43 MP: 6/6
  1914 | D:3      | Found a blossoming altar of Fedhas.
  2074 | D:3      | Found a burning altar of Makhleb.
  2208 | D:4      | Noticed an ogre
  2723 | D:4      | Reached XP level 6. HP: 49/50 MP: 8/8
  2761 | D:4      | Found a sacrificial altar of Ru.
  2925 | D:4      | Found a white marble altar of Elyvilon.
  2995 | D:4      | Reached skill level 5 in Fighting
  2995 | D:4      | Reached skill level 5 in Dodging
  3595 | D:4      | Found a hazy altar of Hepliaklqana.
  3596 | D:4      | Found a shimmering altar of Xom.
  3596 | D:4      | Noticed a sky beast
  3597 | D:4      | Noticed a spectral ugly thing
  3815 | D:5      | Entered Level 5 of the Dungeon
  4264 | D:5      | Reached XP level 7. HP: 56/56 MP: 10/10
  4399 | D:5      | Found Teiroeps's General Store.
  5120 | D:5      | Reached skill level 9 in Slings
  5882 | D:6      | Reached XP level 8. HP: 63/63 MP: 12/12
  5897 | D:6      | Found a staircase to the Ecumenical Temple.
  5904 | Temple   | Entered the Ecumenical Temple
  5955 | Temple   | Became a worshipper of Gozag Ym Sagoz the Greedy
  6114 | D:6      | Found a blossoming altar of Fedhas.
  6968 | D:6      | Noticed a troll
  7029 | D:6      | Gained mutation: You are weak. (Str -2) [potion of
                  | mutation]
  7029 | D:6      | Gained mutation: You are surrounded by a mild repulsion
                  | field. (EV +2) [potion of mutation]
  7286 | D:7      | Found an opulent altar of Gozag.
  7438 | D:7      | Reached XP level 9. HP: 62/69 MP: 14/14
  7794 | D:7      | Found a hide-covered altar of Uskayaw.
  8298 | D:5      | Bought a +5 scimitar of draining for 513 gold pieces
  8480 | D:8      | Reached skill level 5 in Stealth
  8557 | D:8      | Found a glowing golden altar of the Shining One.
  8818 | D:8      | Reached skill level 5 in Invocations
  8981 | D:8      | Found a sparkling altar of Nemelex Xobeh.
  9550 | D:8      | Reached XP level 10. HP: 29/77 MP: 17/17
  9871 | D:8      | Found Gumin's Magic Scroll Shoppe.
  9879 | D:8      | Bought a scroll of teleportation for 42 gold pieces
  9879 | D:8      | Bought a scroll of enchant weapon for 105 gold pieces
  9906 | D:8      | Found an iron altar of Okawaru.
 10185 | D:9      | Reached skill level 5 in Short Blades
 10185 | D:9      | Reached skill level 5 in Long Blades
 10185 | D:9      | Reached skill level 5 in Axes
 10185 | D:9      | Reached skill level 5 in Maces & Flails
 10185 | D:9      | Reached skill level 5 in Polearms
 10185 | D:9      | Reached skill level 5 in Staves
 10185 | D:9      | Reached skill level 5 in Bows
 10185 | D:9      | Reached skill level 5 in Crossbows
 10185 | D:9      | Reached skill level 5 in Throwing
 10185 | D:9      | Reached skill level 5 in Armour
 10185 | D:9      | Reached skill level 5 in Shields
 10185 | D:9      | Reached skill level 5 in Unarmed Combat
 10185 | D:9      | Reached skill level 5 in Spellcasting
 10185 | D:9      | Reached skill level 5 in Evocations
 10537 | D:9      | Reached skill level 10 in Slings
 10863 | D:9      | Found a staircase to the Lair.
 11199 | D:9      | Found Daohana's Jewellery Shoppe.
 11577 | D:9      | Identified the ring "Viyvuff" {+Inv SInv}
 11638 | D:9      | Noticed Pikel
 11661 | D:9      | Killed Pikel
 11948 | D:10     | Entered Level 10 of the Dungeon
 11948 | D:10     | Found a staircase to the Orcish Mines.
 12270 | D:10     | Reached XP level 11. HP: 76/84 MP: 19/19
 12536 | D:10     | Reached skill level 5 in Conjurations
 12536 | D:10     | Reached skill level 5 in Hexes
 12536 | D:10     | Reached skill level 5 in Summonings
 12536 | D:10     | Reached skill level 5 in Necromancy
 12536 | D:10     | Reached skill level 5 in Translocations
 12536 | D:10     | Reached skill level 5 in Transmutations
 12536 | D:10     | Reached skill level 5 in Fire Magic
 12536 | D:10     | Reached skill level 5 in Ice Magic
 12536 | D:10     | Reached skill level 5 in Air Magic
 12536 | D:10     | Reached skill level 5 in Earth Magic
 12536 | D:10     | Reached skill level 5 in Poison Magic
 12967 | D:9      | Bought a +4 ring of slaying for 1092 gold pieces
 13977 | Lair:1   | Entered Level 1 of the Lair of Beasts
 14380 | Lair:1   | Noticed an eight-headed hydra
 14573 | Lair:2   | Reached XP level 12. HP: 66/94 MP: 22/22
 15287 | Lair:2   | Reached skill level 11 in Slings
 15373 | Lair:2   | Noticed a four-headed hydra
 15738 | Lair:2   | Noticed a catoblepas
 16056 | Lair:1   | Noticed a six-headed hydra
 16069 | Lair:1   | Killed a six-headed hydra
 16339 | Lair:1   | Noticed a four-headed hydra
 16353 | Lair:1   | Killed a four-headed hydra
 16403 | Lair:1   | Killed an eight-headed hydra
 16854 | Lair:2   | Found a staircase to the Swamp.
 16855 | Lair:2   | Noticed a five-headed hydra
 17047 | Lair:3   | Found a stormy altar of Qazlal.
 17053 | Lair:3   | Noticed a five-headed hydra
 17083 | Lair:3   | Killed a five-headed hydra
 17344 | Lair:3   | Noticed a five-headed hydra
 17355 | Lair:3   | Noticed Urug
 17358 | Lair:3   | Killed a five-headed hydra
 17396 | Lair:3   | Killed Urug
 17657 | Lair:3   | Noticed Fannar
 17691 | Lair:3   | Killed Fannar
 17694 | Lair:3   | Reached XP level 13. HP: 54/101 MP: 24/24
 17878 | Lair:3   | Found a hole to the Spider Nest.
 21316 | Lair:5   | Identified a scroll of acquirement
 21316 | Lair:5   | Acquired 441 gold pieces
 21486 | Lair:5   | Reached XP level 14. HP: 104/104 MP: 26/26
 21886 | Lair:4   | Reached skill level 10 in Fighting
 21886 | Lair:4   | Reached skill level 12 in Slings
 21886 | Lair:4   | Reached skill level 10 in Dodging
 23465 | Lair:6   | Entered Level 6 of the Lair of Beasts
 23518 | Lair:6   | Reached skill level 10 in Invocations
 24141 | Lair:6   | Found a staircase to the Slime Pits.
 24141 | Lair:6   | Found a viscous altar of Jiyva.
 24627 | Lair:6   | Noticed an entropy weaver
 25027 | Lair:2   | Learned a level 2 spell: Blink
 26470 | D:11     | Found a shadowy altar of Dithmenos.
 27997 | D:12     | Reached skill level 10 in Stealth
 27997 | D:12     | Reached XP level 15. HP: 76/117 MP: 28/28
 28360 | D:13     | Found a gate to the Vaults.
 28432 | D:13     | Found a runed translucent gate.
 28432 | D:13     | Found a runed translucent gate.
 28432 | D:13     | Found a runed translucent gate.
 28434 | D:13     | Found a viscous altar of Jiyva.
 28434 | D:13     | Noticed kae's ghost (journeyman DrTm)
 29554 | Lair:5   | Reached skill level 10 in Short Blades
 29554 | Lair:5   | Reached skill level 10 in Long Blades
 29554 | Lair:5   | Reached skill level 10 in Axes
 29554 | Lair:5   | Reached skill level 10 in Maces & Flails
 29554 | Lair:5   | Reached skill level 10 in Polearms
 29554 | Lair:5   | Reached skill level 10 in Staves
 29554 | Lair:5   | Reached skill level 10 in Bows
 29554 | Lair:5   | Reached skill level 10 in Crossbows
 29554 | Lair:5   | Reached skill level 10 in Throwing
 29554 | Lair:5   | Reached skill level 10 in Armour
 29554 | Lair:5   | Reached skill level 10 in Shields
 29554 | Lair:5   | Reached skill level 10 in Unarmed Combat
 29554 | Lair:5   | Reached skill level 10 in Spellcasting
 29554 | Lair:5   | Reached skill level 10 in Evocations
 31837 | Orc:1    | Entered Level 1 of the Orcish Mines
 32009 | Orc:1    | Found a transporter.
 32015 | Orc:1    | Noticed iamserjio's ghost (journeyman GnAK)
 32023 | Orc:1    | Found a transporter.
 32027 | Orc:1    | Noticed an orc warlord
 32202 | D:10     | Bought a crude scimitar for 342 gold pieces
 32202 | D:10     | Identified the cursed +2 scimitar of Vanity {antimagic,
                  | +Fly rN+ Dex+2} (You bought it in a shop on level 10 of the
                  | Dungeon)
 32209 | D:10     | Acquired the ring of Hauplir {rC++ rCorr Int-5 Dex+4
                  | Stlth+}
 32277 | Orc:1    | Killed an orc warlord
 32487 | Orc:2    | Entered Level 2 of the Orcish Mines
 32489 | Orc:2    | Noticed an orc warlord
 32559 | Orc:1    | Killed an orc warlord
 32711 | Orc:2    | Paralysed by an orc sorcerer for 3 turns
 32722 | Orc:2    | Reached skill level 13 in Slings
 32747 | Orc:2    | Noticed Sonja
 32756 | Orc:2    | Found a staircase to the Elven Halls.
 32766 | Orc:2    | Cast into level 1 of the Abyss (Sonja)
 32777 | Abyss:1  | Noticed a tentacled starspawn
 32846 | Abyss:1  | Noticed a tentacled starspawn
 33100 | Abyss:1  | Noticed a tentacled starspawn
 33133 | Abyss:1  | Found a corrupted altar of Lugonu.
 33195 | Abyss:1  | Noticed a bone dragon
 33311 | Abyss:1  | Reached XP level 16. HP: 62/125 MP: 30/30
 33570 | Abyss:1  | Got a faintly glowing shortbow
 33598 | Abyss:1  | Noticed a Hell Sentinel
 33793 | Abyss:1  | Noticed a tentacled starspawn
 33810 | Abyss:1  | Killed a tentacled starspawn
 33849 | Orc:2    | Escaped the Abyss
 33883 | Orc:2    | Killed Sonja
 34287 | Orc:2    | Found Garhod's Magic Scroll Emporium.
 34929 | Orc:2    | Found Huobry's General Store.
 34933 | Orc:2    | Found Lasuptok's Weapon Boutique.
 34933 | Orc:2    | Found Miczemm's Antique Weapon Boutique.
 35180 | Orc:2    | Bought a polished whip for 232 gold pieces
 35180 | Orc:2    | Bought a steaming trident for 263 gold pieces
 35181 | Orc:2    | Identified the cursed +1 whip of Osutal {drain, rPois} (You
                  | bought it in a shop on level 2 of the Orcish Mines)
 35190 | Orc:2    | Identified the +7 shortbow "Jutongom" {freeze, rC+} (You
                  | found it on level 1 of the Abyss)
 35197 | Orc:2    | Identified the +4 trident of Domination {vorpal, rElec
                  | Will- Str+4 Stlth+} (You bought it in a shop on level 2 of
                  | the Orcish Mines)
 35251 | Orc:2    | Bought the +12 quarterstaff of the Lair of Beasts {drain,
                  | +Rage +Fly rElec MP-9} for 746 gold pieces
 35381 | D:14     | Found a gate leading to a gauntlet.
 35394 | Gauntlet | Entered a Gauntlet
 35394 | Gauntlet | Found a transporter.
 35394 | Gauntlet | Found a transporter.
 35407 | Gauntlet | Found a transporter.
 35440 | Gauntlet | Found a transporter.
 35455 | Gauntlet | Found a transporter.
 35457 | Gauntlet | Found a large runed translucent door.
 35458 | Gauntlet | Found a large runed translucent door.
 35459 | Gauntlet | Found a large runed translucent door.
 35459 | Gauntlet | Found a large runed translucent door.
 35459 | Gauntlet | Found a runed translucent door.
 35459 | Gauntlet | Found a runed translucent door.
 35460 | Gauntlet | Found a large runed translucent door.
 35461 | Gauntlet | Found a large runed translucent door.
 35462 | Gauntlet | Found a large runed translucent door.
 35462 | Gauntlet | Found a large runed translucent door.
 35475 | Gauntlet | Found a large runed translucent door.
 35475 | Gauntlet | Found a large runed translucent door.
 35475 | Gauntlet | Found a large runed translucent door.
 35475 | Gauntlet | Found a large runed translucent door.
 35476 | Gauntlet | Found a large runed translucent door.
 35476 | Gauntlet | Found a large runed translucent door.
 35477 | Gauntlet | Found a large runed translucent door.
 35477 | Gauntlet | Found a large runed translucent door.
 35505 | Gauntlet | Found a transporter.
 35512 | Gauntlet | Found a runed translucent gate.
 35570 | Gauntlet | Found a transporter.
 35570 | Gauntlet | Found a runed translucent gate.
 35571 | Gauntlet | Found a runed translucent gate.
 35572 | Gauntlet | Found a transporter.
 35580 | Gauntlet | Found a transporter.
 35749 | Gauntlet | Found a transporter.
 35751 | Gauntlet | Got a bound jade ring
 35754 | Gauntlet | Identified the ring of Qutsaesh {rC- rN+++ Str+6 SInv} (You
                  | found it in a Gauntlet)
 36685 | D:14     | Identified the +9 war axe "Giant's Demise" {chaos, rN+
                  | Int+8 Dex-5 Stlth-}
 37416 | D:14     | Noticed a sphinx
 37416 | D:14     | Paralysed by a sphinx for 4 turns
 37430 | D:14     | Killed a sphinx
 37789 | D:15     | Entered Level 15 of the Dungeon
 38026 | D:15     | Noticed Jorgrun
 38060 | D:15     | Killed Jorgrun
 38129 | D:15     | Reached XP level 17. HP: 133/133 MP: 23/32
 38482 | D:15     | Found a staircase to the Depths.
 38695 | D:15     | Noticed Azrael
 38714 | D:15     | Killed Azrael
 38974 | D:15     | Noticed Josephine
 38996 | D:15     | Killed Josephine
 39161 | D:15     | Upgraded the game from 0.27-a0-203-gd48b2df3c9 to
                  | 0.27-a0-216-g1fbed8a51c
 39306 | Spider:1 | Entered Level 1 of the Spider Nest
 40308 | Spider:2 | Noticed Nikola
 40336 | Spider:2 | Killed Nikola
 41626 | Spider:2 | Reached skill level 10 in Conjurations
 41626 | Spider:2 | Reached skill level 10 in Hexes
 41626 | Spider:2 | Reached skill level 10 in Summonings
 41626 | Spider:2 | Reached skill level 10 in Necromancy
 41626 | Spider:2 | Reached skill level 10 in Translocations
 41626 | Spider:2 | Reached skill level 10 in Transmutations
 41626 | Spider:2 | Reached skill level 10 in Fire Magic
 41626 | Spider:2 | Reached skill level 10 in Ice Magic
 41626 | Spider:2 | Reached skill level 10 in Air Magic
 41626 | Spider:2 | Reached skill level 10 in Earth Magic
 41626 | Spider:2 | Reached skill level 10 in Poison Magic
 42000 | Spider:3 | Reached skill level 14 in Slings
 42119 | Spider:2 | HP: 6/135 [poisoned by an emperor scorpion]
 42124 | Spider:2 | HP: 4/135 [poisoned by an emperor scorpion]
 42130 | Spider:2 | HP: 3/135 [poisoned by an emperor scorpion]
 42135 | Spider:2 | HP: 4/135 [poisoned by an emperor scorpion]
 42140 | Spider:2 | HP: 5/135 [poisoned by an emperor scorpion]
 42968 | Spider:3 | Noticed Mara
 43543 | Spider:3 | Killed Mara
 43544 | Spider:3 | Reached XP level 18. HP: 111/142 MP: 24/33
 43563 | Spider:3 | Noticed Arachne
 43799 | Spider:3 | Killed Arachne
 44453 | Spider:4 | Entered Level 4 of the Spider Nest
 46588 | Spider:4 | Got a gossamer rune of Zot
 47010 | Elf:1    | Entered Level 1 of the Elven Halls
 47447 | Elf:1    | Found the +9 staff of Olgreb {rPois∞}
 48881 | Elf:2    | Bought a potion of curing for 51 gold pieces
 48881 | Elf:2    | Bought 3 potions of might for 204 gold pieces
 48881 | Elf:2    | Bought a potion of might for 68 gold pieces
 48881 | Elf:2    | Bought a potion of haste for 170 gold pieces
 48881 | Elf:2    | Bought a potion of curing for 51 gold pieces
 49131 | Elf:1    | Reached XP level 19. HP: 130/149 MP: 35/35
 49190 | Elf:1    | Cast into level 2 of the Abyss (a deep elf sorcerer)
 49190 | Abyss:2  | Found a corrupted altar of Lugonu.
 49259 | Elf:1    | Escaped the Abyss
 49705 | Elf:2    | Found Finwom's Gadget Shop.
 49705 | Elf:2    | Found Dacavosh's Book Boutique.
 50163 | Elf:2    | Found a huge runed translucent gate.
 50165 | Elf:2    | Found a huge runed translucent gate.
 50168 | Elf:2    | Found a huge runed translucent gate.
 50169 | Elf:2    | Found a huge runed translucent gate.
 50169 | Elf:2    | Found a huge runed translucent gate.
 50208 | Elf:3    | Entered Level 3 of the Elven Halls
 50401 | Elf:3    | Noticed an Ice Fiend
 51080 | Elf:3    | Found Remoyn's Elven Fire.
 51703 | Elf:3    | Identified the +3 great sword of Infinity {vorpal, +Inv rC+
                  | Will- Int+3}
 51703 | Elf:3    | Identified the ring of the Salmon {Ice rElec Str+2 Dex+6
                  | Slay-4}
 51722 | Elf:3    | Noticed an Ice Fiend
 52133 | Elf:3    | Reached skill level 15 in Slings
 52139 | Elf:3    | Splashed by a deep elf sorcerer's acid

Illustrated notes

Levels and vault maps discovered:
D:1:      ebering_hopf_link, layout_basic
D:2:      layout_basic, kiku_gazebo_pond_becter, nicolae_overflow_crystal_walls,
          chequers_temple_overflow_statue_of_worship, kennysheep_nub,
          uniq_crazy_yiuf_cottage
D:3:      layout_rooms, lightli_temple_of_fire, general_overflow_altar,
          serial_glass, glass_columns_b, glass_columns_c, glass_columns_b,
          glass_columns_a, glass_columns_a, glass_columns_a, glass_columns_a,
          glass_columns_a, minmay_misc_feat_nine_boxes
D:4:      layout_loops_ring, regret_index_temple_of_mockery,
          hangedman_ru_absence, elyvilon_altar_1,
          hangedman_decor_clover_reticule, minmay_misc_feat_x
D:5:      layout_basic, serial_shops, shop
D:6:      layout_gridville, minmay_temple_entry_mini_moons,
          chequers_serial_rivers_large_b, fedhas_altar_2
D:7:      layout_basic, kennysheep_mini, grunt_gozag_statues
D:8:      layout_loops_corners, lemuel_coloured_pillars_altar,
          nicolae_tso_besieged_by_evil, nicolae_overflow_hidden_temple,
          serial_shops, shop_coins
D:9:      layout_rooms, erik_lair_island, serial_shops,
          nicolae_shop_temple_entry_statues_fountains, serial_bayou_lagoon_b,
          uniq_pikel
D:10:     layout_rooms, orc_0_dummy, special_room [special_room_kobold]
D:11:     layout_rooms, nicolae_dithmenos_through_a_glass_darkly
D:12:     layout_roguey [special_room_orc], lemuel_flamethrower_1
D:13:     layout_roguey, erik_vaults_1, gammafunk_ghost_ooze,
          minmay_fractal_squares_5
D:14:     kennysheep_snake, layout_irregular_city, gauntlet_entry_generic,
          hangedman_decor_growths, minmay_starry_boxes
D:15:     grunt_enter_depths_magical_seal, layout_cave_pools, minivault_23,
          uniq_josephine, uniq_azrael, uniq_jorgrun
Temple:   corrupted_temple
Lair:1:   layout_regular_city, grunt_megastairs_2
Lair:2:   nzn_winding_woodlands_stair_cross
          [nzn_winding_woodlands_5x15_pathside_ponds,
          nzn_winding_woodlands_center_triple_pond,
          nzn_winding_woodlands_5x15_garden,
          nzn_winding_woodlands_5x5_perimeter, nzn_winding_woodlands_hourglass,
          nzn_winding_woodlands_5x15_sawtooth,
          nzn_winding_woodlands_center_diamonds,
          nzn_winding_woodlands_5x15_river_crossing], layout_cave_shapes,
          swamp_mist
Lair:3:   layout_big_grid, dummy_spider_entry, basic_altar, grunt_megastairs_5,
          uniq_urug, uniq_fannar
Lair:4:   layout_loops_ring, nicolae_lair_grove_arrangements,
          hangedman_lair_unloving_vines, grunt_forest_large_clearing_hut,
          minmay_lair_oklob_chamber
Lair:5:   dragon1_lemuel, layout_gridlike
Lair:6:   minmay_lair_end_enchanted_forest, layout_cave_pods, slime_altar_1,
          zaba_antful_of_joy, serial_bayou_shore_b, infiniplex_staircase_pool_2
Spider:1: layout_spider_delve
Spider:2: layout_chambers, hangedman_spider_tarantella_strand, uniq_nikola
Spider:3: layout_spider_delve, drop_trap, uniq_arachne, uniq_mara
Spider:4: grunt_spider_rune_island, guppyfry_hornet_nest
Orc:1:    layout_caves, basic_altar, gammafunk_ghost_arena
Orc:2:    st_orc_elflike, layout_caves, uniq_sonja
Elf:1:    eino_elf_arrival_sip, layout_loops_cross,
          kennysheep_underground_church
Elf:2:    layout_gridlike, minmay_shoptagon
Elf:3:    minmay_elf_hall_curves, layout_onion_city, guppyfry_elf_lava

Skill      XL: |  1  2  3  4  5  6  7  8  9 10 11 12 13 14 15 16 17 18 19 |
---------------+----------------------------------------------------------+-----
Invocations    | 1 2 3 4 5 6 7 8 9 10 11 12 13 14 | 14.0
Short Blades   | 1 2 3 4 5 6 7 8 9 10 11 12 13 | 13.0
Long Blades    | 1 2 3 4 5 6 7 8 9 10 11 12 13 | 13.0
Axes           | 1 2 3 4 5 6 7 8 9 10 11 12 13 | 13.0
Maces & Flails | 1 2 3 4 5 6 7 8 9 10 11 12 13 | 13.0
Polearms       | 1 2 3 4 5 6 7 8 9 10 11 12 13 | 13.0
Staves         | 1 2 3 4 5 6 7 8 9 10 11 12 13 | 13.0
Bows           | 1 2 3 4 5 6 7 8 9 10 11 12 13 | 13.0
Crossbows      | 1 2 3 4 5 6 7 8 9 10 11 12 13 | 13.0
Throwing       | 1 2 3 4 5 6 7 8 9 10 11 12 13 | 13.0
Armour         | 1 2 3 4 5 6 7 8 9 10 11 12 13 | 13.0
Shields        | 1 2 3 4 5 6 7 8 9 10 11 12 13 | 13.0
Unarmed Combat | 1 2 3 4 5 6 7 8 9 10 11 12 13 | 13.0
Spellcasting   | 1 2 3 4 5 6 7 8 9 10 11 12 13 | 13.0
Evocations     | 1 2 3 4 5 6 7 8 9 10 11 12 13 | 13.0
Conjurations   | 1 2 3 4 5 6 7 8 9 10 11 | 11.1
Hexes          | 1 2 3 4 5 6 7 8 9 10 11 | 11.1
Summonings     | 1 2 3 4 5 6 7 8 9 10 11 | 11.1
Necromancy     | 1 2 3 4 5 6 7 8 9 10 11 | 11.1
Translocations | 1 2 3 4 5 6 7 8 9 10 11 | 11.1
Transmutations | 1 2 3 4 5 6 7 8 9 10 11 | 11.1
Fire Magic     | 1 2 3 4 5 6 7 8 9 10 11 | 11.1
Ice Magic      | 1 2 3 4 5 6 7 8 9 10 11 | 11.1
Air Magic      | 1 2 3 4 5 6 7 8 9 10 11 | 11.1
Earth Magic    | 1 2 3 4 5 6 7 8 9 10 11 | 11.1
Poison Magic   | 1 2 3 4 5 6 7 8 9 10 11 | 11.1
Stealth        | 3 4 5 6 7 8 9 10 11 12 13 | 13.1
Fighting       | 5 6 7 8 9 10 11 12 13 | 13.6
Dodging        | 5 6 7 8 9 10 11 12 13 | 13.6
Slings         | 9 10 11 12 13 14 15 | 15.0

Action                   |  1- 3 |  4- 6 |  7- 9 | 10-12 | 13-15 | 16-18 | 19-21 || total
-------------------------+-------+-------+-------+-------+-------+-------+-------++-------
Melee: Short sword       |       |    31 |     5 |       |       |       |       ||    36
       War axe           |       |    18 |       |       |       |       |       ||    18
       Bite              |       |     6 |    14 |    69 |   196 |   227 |    33 ||   545
       Punch             |       |     1 |       |    21 |    35 |       |       ||    57
       Scimitar          |       |       |   130 |   578 |  1368 |   315 |       ||  2391
       Quarterstaff      |       |       |       |       |       |   948 |       ||   948
       Demon whip        |       |       |       |       |       |   690 |   341 ||  1031
 Fire: Hunting sling     |   100 |   183 |   413 |   138 |   156 |   120 |       ||  1110
 Cast: Blink             |       |       |       |       |     1 |     3 |       ||     4
Invok: Call Merchant     |       |       |       |       |     1 |     4 |       ||     5
Evoke: Wand              |       |       |       |     2 |     9 |     1 |       ||    12
       Tin of tremorston |       |       |       |       |     2 |     7 |     4 ||    13
       Box of beasts     |       |       |       |       |       |     2 |     2 ||     4
  Use: Scroll            |     6 |       |    12 |     7 |    17 |    21 |     2 ||    65
       Potion            |       |       |     1 |     3 |     9 |    19 |     2 ||    34
 Stab: Distracted        |       |       |     1 |     6 |     7 |    12 |     2 ||    28
       Sleeping          |       |       |       |    12 |    14 |     7 |     1 ||    34
       Held in net/web   |       |       |       |       |       |     1 |       ||     1
Armor: Leather armour    |     2 |    34 |   123 |    70 |       |       |       ||   229
       Ring mail         |       |       |       |    92 |   464 |       |       ||   556
       Chain mail        |       |       |       |       |    67 |  1227 |    88 ||  1382
Dodge: Dodged            |     9 |    72 |   274 |   571 |  1177 |  1107 |    76 ||  3286
Block: Buckler           |       |       |       |       |   244 |    13 |       ||   257
       Kite shield       |       |       |       |       |       |   625 |   144 ||   769
       Reflection        |       |       |       |       |       |    12 |    50 ||    62
       Rpst.: Scimitar   |       |       |    39 |   156 |   302 |    27 |       ||   524

Table legend: (Time is in decaauts)
 A = Elapsed time spent in this place.
 B = Non-inter-level travel time spent in this place.
 C = Inter-level travel time spent in this place.
 D = Time resting spent in this place.
 E = Time spent auto-exploring this place.
 F = Levels seen in this place.
 G = Mean time per level.
                   A        B        C        D        E       F      G
               +--------+--------+--------+--------+--------+-----+--------+
         Total |  51245 |  48287 |   2958 |  14828 |  19460 |  34 | 1507.2 |
       Dungeon |  20596 |  19101 |   1495 |   3924 |  10524 |  15 | 1373.1 |
        Temple |     67 |     53 |     14 |      0 |     29 |   1 |   67.0 |
          Lair |  14511 |  13657 |    854 |   5595 |   4811 |   6 | 2418.5 |
   Spider Nest |   7233 |   6916 |    317 |   2308 |   2287 |   4 | 1808.2 |
  Orcish Mines |   2558 |   2385 |    173 |    598 |    767 |   2 | 1279.0 |
   Elven Halls |   4672 |   4568 |    104 |   1995 |   1040 |   3 | 1557.3 |
         Abyss |   1138 |   1138 |      0 |    264 |      0 |   2 |  569.0 |
      Gauntlet |    467 |    467 |      0 |    144 |      0 |   1 |  467.0 |
               +--------+--------+--------+--------+--------+-----+--------+

Top non-repeatable levels by time:
  Lair:4: 3201 daAuts
  Lair:5: 2862 daAuts
Spider:2: 2710 daAuts
  Lair:2: 2640 daAuts
  Lair:6: 2615 daAuts
     D:9: 2501 daAuts
Spider:3: 2282 daAuts
   Elf:1: 2098 daAuts
     D:5: 2030 daAuts
    D:14: 2021 daAuts
  Lair:3: 1796 daAuts
   Orc:2: 1712 daAuts
     D:8: 1697 daAuts
    D:12: 1511 daAuts
   Elf:3: 1503 daAuts
